 Dungeon Crawl Stone Soup version 0.30-a0-757-ga6a79fd877 (webtiles) character file.

Game seed: 12348074857117207024

37 Newt the Shooter (level 3, -3/24 HPs)
             Began as a Kobold Hunter on Feb 9, 2023.
             Killed from afar by Robin (10 damage)
             ... with a puff of flame
             ... on level 2 of the Dungeon.
             The game lasted 00:00:57 (891 turns).

Newt the Shooter (Kobold Hunter)                     Turns: 891, Time: 00:00:58

Health: -3/24      AC:  5    Str:  8    XL:     3   Next: 60%
Magic:  3/3        EV: 14    Int: 10    God:
Gold:   68         SH:  0    Dex: 20    Spells: 2/2 levels left

rFire   . . .      SeeInvis .    a - +0 shortbow
rCold   . . .      Faith    .    (shield currently unavailable)
rNeg    . . .      Spirit   .    c - +0 leather armour
rPois   .          Reflect  .    (no helmet)
rElec   .          Harm     .    (no cloak)
rCorr   .          Rampage  .    (no gloves)
Will    .....                    (no boots)
Stlth   +++                      (no amulet)
HPRegen 1.04/turn                (no ring)
MPRegen 0.08/turn                (no ring)

@: flying
A: small, no large weapons, nightstalker 3, iridescent scales 1, regeneration 1
a: no special abilities


You were on level 2 of the Dungeon.
You visited 1 branch of the dungeon, and saw 2 of its levels.

You collected 68 gold pieces.

Inventory:

Hand Weapons
 a - a +0 shortbow (weapon)
 d - a +0 sling
Armour
 c - a +0 leather armour (worn)
Scrolls
 b - a scroll of immolation
 h - a scroll of poison
Potions
 e - a potion of lignification
 f - a potion of mutation


   Skills:
 * Level 4.1 Fighting
 - Level 5.3 Ranged Weapons
 - Level 2.4 Dodging
 - Level 1.3 Stealth


You had 2 spell levels left.
You didn't know any spells.
Your spell library was empty.

Dungeon Overview and Level Annotations

Branches:
Dungeon (2/15)

Altars:

Annotations:
D:2 Robin


Innate Abilities, Weirdness & Mutations

You are small and have problems with some larger weapons.
You are completely attuned to the shadows.
You are partially covered in iridescent scales. (AC +2)
Your natural rate of healing is unusually fast.


Message History

You shoot an arrow. The arrow barely misses the goblin.
The goblin barely misses you.
You shoot an arrow. The arrow closely misses the goblin.
The goblin hits you with a +0 club. Something throws the goblin at you!
The goblin barely misses you. The goblin attacks as you move away!
The goblin hits you with a +0 club. The goblin attacks as you move away!
The goblin barely misses you.
You shoot an arrow. The arrow hits the goblin.
You kill the goblin!
The goblin no longer looks unusually strong.
The goblin closely misses you.
A hobgoblin comes into view.
Something throws the goblin at you!
You shoot an arrow. The goblin barely misses you.
You shoot an arrow. The arrow closely misses the goblin.
You hear a shout!
The goblin hits you with a +0 club.
The goblin goes into a battle-frenzy!
You hear a shout!
You shoot an arrow. The arrow hits the goblin!
You kill the goblin!
Something hits you.
You hear a zap.
A puff of flame appears from out of thin air!
The puff of flame hits you!
* * * LOW HITPOINT WARNING * * *
Things that are here:
a +0 club; a goblin corpse You hear a zap.
A puff of flame appears from out of thin air!
The puff of flame hits you.
* * * LOW HITPOINT WARNING * * *
The hobgoblin no longer looks unusually strong.
It was a potion of flight.
You feel very buoyant.
You fly up into the air.
You hear a zap.
A puff of flame appears from out of thin air!
The puff of flame hits you!
You die...

#<# #.......#
##.........# ###.#
#######.#
#†)........# ....#
#)# #....#######
>##.# #.# #..###
.##.###### #)#
#..#
.##......##### #g#
#..#
..~~~.~..~.~~# #{#
#..#
#~#.~~..##~#~# #.#
#..#####
8.#~~####~8#.###@#
#.......
.~~~._.~.~.~~..#.#
#.######
##~~..~.~###....†#
#.....#
#.~.~~..~...###.#
#####.#
~#..~.~.~#.#####.#
#.#
.#~~~~.~##.......#
#.#
#~##'''~#~..### ##
#.# ...~~~..~.#.#
#.# ##.########.#
#.#


You could see a hobgoblin.

Vanquished Creatures
  An adder (D:2)
  2 dart slugs (D:2)
  An endoplasm (D:1)
  3 giant cockroaches
  3 goblins (D:2)
  2 hobgoblins
  2 kobolds (D:1)
  2 quokkas
  A ball python (D:1)
  A bat (D:2)
  4 frilled lizards
  A rat (D:2)
  A spectral kobold (D:2)
24 creatures vanquished.

Notes
Turn   | Place    | Note
-------+----------+-------------------------------------------
     0 | D:1      | Newt the Kobold Hunter began the quest for the Orb.
     0 | D:1      | Reached XP level 1. HP: 12/12 MP: 1/1
   160 | D:1      | Reached XP level 2. HP: 18/18 MP: 2/2
   670 | D:2      | Gained mutation: You are partially covered in iridescent
                  | scales. (AC +2) [potion of mutation]
   670 | D:2      | Gained mutation: Your natural rate of healing is unusually
                  | fast. [potion of mutation]
   739 | D:2      | Reached XP level 3. HP: 24/24 MP: 3/3
   797 | D:2      | Found a faded altar of an unknown god.
   871 | D:2      | Noticed Robin
   891 | D:2      | Killed from afar by Robin

Illustrated notes

Levels and vault maps discovered:
D:1:      wander_arrival_estate, layout_basic
D:2:      layout_loops_ring, dreamdust_ecumenical_altar_drowned_temple,
          uniq_crazy_yiuf_cottage, uniq_robin

Skill      XL: |  1  2  3 |
---------------+----------+-----
Fighting       | 3 4 |  4.1
Ranged Weapons | |  5.3
Dodging        | |  2.4
Stealth        | |  1.3

Action                     || total
---------------------------++-------
   Fire: Shortbow          ||    57
    Use: Scroll            ||     2
         Potion            ||     2
 Armour: Leather armour    ||     3
  Dodge: Dodged            ||    20

Table legend: (Time is in decaauts)
 A = Elapsed time spent in this place.
 B = Non-inter-level travel time spent in this place.
 C = Inter-level travel time spent in this place.
 D = Time resting spent in this place.
 E = Time spent auto-exploring this place.
 F = Levels seen in this place.
 G = Mean time per level.
                   A        B        C        D        E       F      G
               +--------+--------+--------+--------+--------+-----+--------+
         Total |    915 |    902 |     13 |      0 |    766 |   2 |  457.5 |
       Dungeon |    915 |    902 |     13 |      0 |    766 |   2 |  457.5 |
               +--------+--------+--------+--------+--------+-----+--------+

Top non-repeatable levels by time:
     D:1: 670 daAuts
     D:2: 244 daAuts
